 Dungeon Crawl Stone Soup version 0.29.1-15-g9cfb28693d (webtiles) character file.

Game seed: 15863229054951951646

227 hawla the Chiller (level 6, 0/45 HPs)
             Began as a Meteoran Ice Elementalist on Apr 4, 2023.
             Slain by an ogre
             ... wielding a +0 giant club
              (30 damage)
             ... on level 4 of the Dungeon.
             The game lasted 00:05:07 (809 turns).

hawla the Chiller (Meteoran Ice Elementalist)        Turns: 809, Time: 00:05:08

Health: 0/45       AC:  2    Str:  9    XL:     6   Next: 47%
Magic:  9/12       EV: 13    Int: 19    God:
Gold:   45         SH:  0    Dex: 24    Spells: 3/11 levels left

rFire   . . .      SeeInvis .   i - +6 short sword of Proximity {vamp, Dex+9}
rCold   . . .      Faith    .   (no shield)
rNeg    . . .      Spirit   .   a - +0 robe
rPois   .          Reflect  .   (no helmet)
rElec   .          Harm     .   (no cloak)
rCorr   .          Rampage  .   (no gloves)
Will    .....                   (no boots)
Stlth   +.........              (no amulet)
HPRegen 0.15/turn               (no ring)
MPRegen 0.13/turn               (no ring)

@: freezing walls, glowing
A: sense surroundings 1, otherworldly, glowing, explore regen
a: no special abilities


You were on level 4 of the Dungeon.
You visited 1 branch of the dungeon, and saw 4 of its levels.

You collected 45 gold pieces.

Inventory:

Hand Weapons
 i - the +6 short sword of Proximity (weapon) {vamp, Dex+9}
   (You took it off a goblin on level 3 of the Dungeon)

   It occasionally heals its wielder for a portion of the damage dealt when it
   wounds a living foe.
   Dex:       It affects your dexterity (+9).
Armour
 a - a +0 robe (worn)
Jewellery
 k - a ring of fire
Scrolls
 c - a scroll of silence {unknown}
 d - 2 scrolls of fear {unknown}
 e - a scroll of poison {unknown}
 g - a scroll of amnesia {unknown}
 h - a scroll of blinking {unknown}
 l - a scroll of fog {unknown}
 m - a scroll of teleportation {unknown}
Potions
 b - a potion of magic
 f - a potion of curing {unknown}
 j - a potion of haste {unknown}
 n - a potion of flight {unknown}


   Skills:
 + Level 0.2 Short Blades
 + Level 2.5 Dodging
 - Level 1.4 Stealth
 + Level 3.3 Spellcasting
 + Level 5.3 Conjurations
 + Level 5.4 Ice Magic


You had 3 spell levels left.
You knew the following spells:

 Your Spells              Type           Power      Damage    Failure   Level
a - Freeze                Ice            92%        1d10      1%          1
b - Frozen Ramparts       Ice            46%        1d7       4%          3
c - Hailstorm             Conj/Ice       23%        3d7       16%         4

Your spell library contained the following spells:

 Spells                   Type           Power      Damage    Failure   Level
 Ozocubu's Armour         Ice            23%        N/A       4%          3
 Poisonous Vapours        Pois/Air       6%         N/A       22%         2
 Corpse Rot               Necr/Pois/Air  3%         N/A       82%         4


Dungeon Overview and Level Annotations

Branches:
Dungeon (4/15) Zot: 1583
 Temple: D:4-7

Altars:
Cheibriados
Makhleb

Shops:
D:4 :


Innate Abilities, Weirdness & Mutations

You passively map a small area around you.
You are easily found by Zot.
You glow in the dark.
You regain HP and MP as you explore.


Message History

You barely miss the necrophage.
The necrophage is almost destroyed.
The necrophage hits you.
You puncture the necrophage!
You destroy the necrophage!
Your life force feels restored.
Training target 5.3 for Conjurations reached!
Your Conjurations skill increases to level 5!
You need to enable at least one skill for training.
You see here a necrophage corpse.
n - a glowing grey potion You see here 7 stones.
Magic restored.
You see here a necrophage corpse.
A ball python comes into view.
The ball python barely misses you. x2
You hit the ball python.
You feel better.
The ball python is heavily wounded.
The ball python bites you. The ball python closely misses you.
The ball python misses you. The ball python grabs you.
The ball python constricts you.
You puncture the ball python!
You kill the ball python!
No target in view!
You see here a ball python corpse.
An ogre comes into view. It is wielding a +0 giant club.
Cast which spell? (? or * to list)
Casting: Frozen Ramparts (dangerous; 4% risk of failure)
Press: ? - help, Dir - look around, f - activate The walls around you are covered in ice.
The wall freezes the ogre.
You hit the ogre but do no damage.
The ogre is lightly wounded.
The wall freezes the ogre.
The ogre closely misses you.
You hit the ogre.
The ogre is moderately wounded.
The wall freezes the ogre.
The ogre hits you with a +0 giant club!!
Ouch! That really hurt!
You die...

,....# #.# #)# ,* #..#
#.# #)# , ,
######((######.#####.## ,
*
......................##
######..###)######.....##
#..# #.# #....... #..#
#.# #....... ##..###.##
##...##. #...@....#
######. , #..O#..†.## #.
* #...##....## #. ##.#
##....## * * #. #.*
###...##* ,... * #.
###..##** #. , . #####..#
#. * *# ##..#..## #.
##...†.## ##


You could see an ogre.

Vanquished Creatures
  A necrophage (D:4)
  A jelly (D:4)
  An orc wizard (D:4)
  A hound skeleton (D:4)
  3 gnolls (D:4)
  3 adders
  A worm (D:3)
  A dart slug (D:4)
  4 orcs (D:4)
  An endoplasm (D:3)
  2 giant cockroaches (D:4)
  A goblin (D:3)
  2 hobgoblins
  3 jackals (D:1)
  2 kobolds
  2 quokkas (D:4)
  2 ball pythons
  A bat (D:2)
  A rat (D:3)
33 creatures vanquished.

Notes
Turn   | Place    | Note
-------+----------+-------------------------------------------
     0 | D:1      | hawla the Meteoran Ice Elementalist began the quest for the
                  | Orb.
     0 | D:1      | Reached XP level 1. HP: 14/14 MP: 5/5
    80 | D:2      | Reached XP level 2. HP: 14/20 MP: 2/6
   126 | D:3      | Reached skill level 5 in Ice Magic
   175 | D:3      | Reached XP level 3. HP: 22/26 MP: 5/8
   179 | D:3      | Learned a level 3 spell: Frozen Ramparts
   218 | D:3      | Identified the +6 short sword of Proximity {vamp, Dex+9}
   422 | D:4      | Found Hisofure's Book Boutique.
   455 | D:4      | Reached XP level 4. HP: 33/33 MP: 9/9
   460 | D:4      | Learned a level 4 spell: Hailstorm
   504 | D:4      | Reached skill level 1 in Conjurations
   524 | D:4      | Found a snail-covered altar of Cheibriados.
   616 | D:4      | Reached XP level 5. HP: 29/38 MP: 10/10
   770 | D:4      | Found a burning altar of Makhleb.
   771 | D:4      | Noticed a necrophage
   775 | D:4      | Reached XP level 6. HP: 45/45 MP: 11/11
   785 | D:4      | Reached skill level 5 in Conjurations
   804 | D:4      | Noticed an ogre
   809 | D:4      | Slain by an ogre

Illustrated notes

Levels and vault maps discovered:
D:1:      mushboom_english_gardens, layout_basic
D:2:      layout_rooms, basic_altar, ebering_ecumenical_altar_rust
D:3:      layout_basic, uniq_robin
D:4:      layout_loops_ring, mainiacjoe_overflow_alcove_2,
          makhleb_blood_cavern_becter, serial_shops, shop

Skill      XL: |  1  2  3  4  5  6 |
---------------+-------------------+-----
Ice Magic      | 5 |  5.4
Spellcasting   | 3 |  3.3
Conjurations   | 2 4 5 |  5.3
Short Blades   | |  0.2
Dodging        | |  2.5
Stealth        | |  1.4

Action                   |  1- 3 |  4- 6 || total
-------------------------+-------+-------++-------
Melee: Staff             |    10 |       ||    10
       Short sword       |    14 |    48 ||    62
       Punch             |       |     1 ||     1
 Cast: Freeze            |    17 |     4 ||    21
       Frozen Ramparts   |     3 |     2 ||     5
 Stab: Sleeping          |       |     1 ||     1
Armor: Robe              |     9 |     4 ||    13
Dodge: Dodged            |    25 |    23 ||    48
